[ AOE2 MATCH · #497240727 ]
UnrankedKhmer vs Cumans
[ REPLAY ANALYSIS · EXTRACTED FROM THE RECORDED GAME ]
Feudal
11:02
Castle
14:13
Imperial
29:57
| APM avg | 16.8 |
| APM peak | 69 |
| eAPM avg | 12.3 |
| Villagers / military | 120 / 126 |
Focus
⚔️ 19.1% · 🌾 80.9%
Spearman ×45 · Battle Elephant ×44 · Scorpion ×30 · Battering Ram ×5 · Mangonel ×2
Feudal
11:02
Castle
27:12
Imperial
35:01
| APM avg | 20.5 |
| APM peak | 40 |
| eAPM avg | 13.8 |
| Villagers / military | 137 / 55 |
Focus
⚔️ 23.7% · 🌾 76.3%
Cavalry Archer ×32 · Militia ×12 · Battering Ram ×6 · Trebuchet (Packed) ×3 · Mangonel ×2
Feudal
8:07
Castle
13:53
Imperial
33:05
| APM avg | 38.3 |
| APM peak | 90 |
| eAPM avg | 16.9 |
| Villagers / military | 103 / 99 |
Focus
⚔️ 21.3% · 🌾 78.7%
Spearman ×70 · Scorpion ×16 · Steppe Lancer ×5 · Trebuchet (Packed) ×4 · Mangonel ×3 · Monk ×1
Feudal
12:26
Castle
16:07
Imperial
30:47
| APM avg | 23.0 |
| APM peak | 68 |
| eAPM avg | 14.7 |
| Villagers / military | 122 / 125 |
Focus
⚔️ 20.2% · 🌾 79.8%
Spearman ×106 · Bombard Cannon ×13 · Trebuchet (Packed) ×4 · Monk ×2
Feudal
13:49
Castle
17:50
Imperial
36:56
| APM avg | 19.2 |
| APM peak | 43 |
| eAPM avg | 12.2 |
| Villagers / military | 111 / 81 |
Focus
⚔️ 18.7% · 🌾 81.3%
Spearman ×63 · Organ Gun ×16 · Mangonel ×1 · Scorpion ×1
Feudal
10:57
Castle
14:30
Imperial
30:37
| APM avg | 21.9 |
| APM peak | 54 |
| eAPM avg | 14.6 |
| Villagers / military | 145 / 96 |
Focus
⚔️ 21.3% · 🌾 78.7%
Knight ×77 · Battering Ram ×12 · Trebuchet (Packed) ×6 · Serjeant ×1
Feudal
10:55
Castle
14:35
Imperial
30:36
| APM avg | 35.5 |
| APM peak | 69 |
| eAPM avg | 22.0 |
| Villagers / military | 125 / 105 |
Focus
⚔️ 14.8% · 🌾 85.2%
Knight ×97 · Trebuchet (Packed) ×4 · Monk ×3 · Magyar Huszar ×1
Feudal
11:21
Castle
14:53
Imperial
36:54
| APM avg | 28.1 |
| APM peak | 49 |
| eAPM avg | 21.5 |
| Villagers / military | 191 / 110 |
Focus
⚔️ 32.8% · 🌾 67.2%
Spearman ×73 · Konnik ×23 · Militia ×10 · Battering Ram ×3 · Mangonel ×1
Match map
Initial resources + every placement click. Lines = walls · curves = elevation contours. ◆ gold · ⬟ stone · ● berries · ✦ relic · ◌ wall gap
Your base· ✓ Closed at 14:13 · 0t walls · 3 gate(s)
SeñorLeyenda#561's base· ✓ Closed at 27:12 · 0t walls · 2 gate(s)
Dafixios's base· ✓ Closed at 13:53 · 0t walls · 3 gate(s)
Milongo's base· ✓ Closed at 16:07 · 0t walls · 3 gate(s)
Alexr_93's base· ✓ Closed at 17:50 · 0t walls · 2 gate(s)
American's base· ✓ Closed at 14:30 · 0t walls · 3 gate(s)
cjds's base· ✓ Closed at 14:35 · 0t walls · 2 gate(s)
[Yodas] Ivaylo AOE CL's base· ✓ Closed at 14:53 · 0t walls · 2 gate(s)
Smoothed initial terrain · ◌ = detected wall gap · hover for details
Inputs per minute
— Dani - Voy Fatal de Recursos - - SeñorLeyenda#561
Build order — Dani - Voy Fatal de Recursos
First 150 of 279 actions detected
| 0:00 | Queue | Villager (Male) |
| 0:01 | Queue | Villager (Male) |
| 0:01 | Queue | Villager (Male) |
| 0:01 | Queue | Villager (Male) |
| 0:03 | Build | House |
| 0:05 | Build | House |
| 1:23 | Queue | Villager (Male) |
| 1:23 | Queue | Villager (Male) |
| 1:23 | Queue | Villager (Male) |
| 1:49 | Queue | Villager (Male) |
| 1:49 | Queue | Villager (Male) |
| 1:49 | Queue | Villager (Male) |
| 2:22 | Queue | Villager (Male) |
| 2:22 | Queue | Villager (Male) |
| 2:22 | Queue | Villager (Male) |
| 2:38 | Build | Lumber Camp |
| 2:41 | Queue | Villager (Male) |
| 2:41 | Queue | Villager (Male) |
| 3:04 | Build | House |
| 3:07 | Build | House |
| 3:08 | Build | House |
| 3:24 | Queue | Villager (Male) |
| 3:25 | Queue | Villager (Male) |
| 3:25 | Queue | Villager (Male) |
| 3:25 | Queue | Villager (Male) |
| 3:57 | Queue | Villager (Male) |
| 3:58 | Queue | Villager (Male) |
| 3:58 | Queue | Villager (Male) |
| 4:22 | Build | House |
| 4:29 | Queue | Villager (Male) |
| 4:30 | Queue | Villager (Male) |
| 5:17 | Queue | Villager (Male) |
| 5:27 | Build | Mill |
| 5:39 | Queue | Villager (Male) |
| 5:40 | Queue | Villager (Male) |
| 5:40 | Queue | Villager (Male) |
| 6:47 | Queue | Villager (Male) |
| 6:47 | Queue | Villager (Male) |
| 6:47 | Queue | Villager (Male) |
| 7:36 | Queue | Villager (Male) |
| 8:08 | Queue | Villager (Male) |
| 8:14 | Build | Mining Camp |
| 8:22 | Build | Farm |
| 8:22 | Build | Farm |
| 8:22 | Build | Farm |
| 8:22 | Build | Farm |
| 8:39 | Research | Feudal Age |
| 11:02 | Age | Feudal Age |
| 11:26 | Build | Farm |
| 11:26 | Build | Farm |
| 11:27 | Build | Farm |
| 11:27 | Build | Farm |
| 11:33 | Research | Castle Age |
| 11:55 | Research | Double-Bit Axe |
| 11:55 | Research | Double-Bit Axe |
| 11:56 | Research | Double-Bit Axe |
| 14:13 | Age | Castle Age |
| 14:24 | Build | Town Center |
| 14:37 | Build | Town Center |
| 14:52 | Build | Town Center |
| 16:35 | Build | Farm |
| 16:35 | Build | Farm |
| 16:35 | Build | Farm |
| 16:35 | Build | Farm |
| 16:36 | Build | Farm |
| 16:36 | Build | Farm |
| 16:54 | Queue | Villager (Male) |
| 16:55 | Queue | Villager (Male) |
| 16:55 | Queue | Villager (Male) |
| 16:56 | Queue | Villager (Male) |
| 16:56 | Queue | Villager (Male) |
| 16:56 | Queue | Villager (Male) |
| 16:57 | Queue | Villager (Male) |
| 16:57 | Queue | Villager (Male) |
| 16:57 | Queue | Villager (Male) |
| 16:58 | Queue | Villager (Male) |
| 17:20 | Queue | Villager (Male) |
| 17:21 | Queue | Villager (Male) |
| 17:21 | Queue | Villager (Male) |
| 17:21 | Queue | Villager (Male) |
| 17:22 | Queue | Villager (Male) |
| 17:26 | Build | Farm |
| 17:49 | Queue | Villager (Male) |
| 17:49 | Queue | Villager (Male) |
| 17:49 | Queue | Villager (Male) |
| 17:50 | Queue | Villager (Male) |
| 17:50 | Queue | Villager (Male) |
| 18:36 | Build | Farm |
| 18:36 | Build | Farm |
| 18:45 | Queue | Villager (Male) |
| 18:45 | Queue | Villager (Male) |
| 18:45 | Queue | Villager (Male) |
| 18:46 | Queue | Villager (Male) |
| 18:46 | Queue | Villager (Male) |
| 18:47 | Queue | Villager (Male) |
| 19:13 | Build | House |
| 19:15 | Build | House |
| 19:20 | Research | Wheelbarrow |
| 19:43 | Build | Farm |
| 19:44 | Build | Farm |
| 19:44 | Build | Farm |
| 19:44 | Build | Farm |
| 19:44 | Build | Farm |
| 19:45 | Build | Farm |
| 19:45 | Build | Farm |
| 19:45 | Build | Farm |
| 19:45 | Build | Farm |
| 19:46 | Build | Farm |
| 19:46 | Build | Farm |
| 19:46 | Build | Farm |
| 19:47 | Build | Farm |
| 20:02 | Queue | Villager (Male) |
| 20:02 | Queue | Villager (Male) |
| 20:02 | Queue | Villager (Male) |
| 20:03 | Queue | Villager (Male) |
| 20:24 | Queue | Villager (Male) |
| 20:25 | Queue | Villager (Male) |
| 20:25 | Queue | Villager (Male) |
| 20:25 | Queue | Villager (Male) |
| 20:30 | Build | Farm |
| 20:30 | Build | Farm |
| 20:31 | Build | Farm |
| 20:31 | Build | Farm |
| 20:31 | Build | Farm |
| 20:31 | Build | Farm |
| 20:32 | Build | Farm |
| 20:32 | Build | Farm |
| 20:52 | Build | Farm |
| 21:01 | Queue | Villager (Male) |
| 21:01 | Queue | Villager (Male) |
| 21:02 | Queue | Villager (Male) |
| 21:02 | Queue | Villager (Male) |
| 21:02 | Queue | Villager (Male) |
| 21:08 | Build | House |
| 21:10 | Build | House |
| 21:12 | Build | House |
| 21:12 | Build | House |
| 21:12 | Build | House |
| 21:15 | Build | House |
| 21:32 | Queue | Villager (Male) |
| 21:33 | Queue | Villager (Male) |
| 21:33 | Queue | Villager (Male) |
| 21:34 | Queue | Villager (Male) |
| 21:34 | Queue | Villager (Male) |
| 21:35 | Queue | Villager (Male) |
| 21:54 | Build | Farm |
| 21:54 | Build | Farm |
| 21:54 | Build | Farm |
| 21:54 | Build | Farm |
| 21:55 | Build | Farm |
Build order — SeñorLeyenda#561
First 150 of 319 actions detected
| 0:02 | Queue | Villager (Male) |
| 0:02 | Queue | Villager (Male) |
| 0:02 | Queue | Villager (Male) |
| 0:02 | Queue | Villager (Male) |
| 0:03 | Build | House |
| 0:05 | Build | House |
| 1:24 | Queue | Villager (Male) |
| 1:25 | Queue | Villager (Male) |
| 1:58 | Queue | Villager (Male) |
| 1:59 | Queue | Villager (Male) |
| 2:32 | Queue | Villager (Male) |
| 2:32 | Queue | Villager (Male) |
| 2:55 | Queue | Villager (Male) |
| 3:04 | Build | Lumber Camp |
| 3:05 | Queue | Villager (Male) |
| 3:06 | Queue | Villager (Male) |
| 3:34 | Build | House |
| 3:35 | Build | House |
| 3:36 | Queue | Villager (Male) |
| 3:36 | Queue | Villager (Male) |
| 4:14 | Queue | Villager (Male) |
| 4:14 | Queue | Villager (Male) |
| 4:14 | Queue | Villager (Male) |
| 4:54 | Build | Mill |
| 5:00 | Queue | Villager (Male) |
| 5:00 | Queue | Villager (Male) |
| 5:14 | Queue | Villager (Male) |
| 5:14 | Queue | Villager (Male) |
| 5:48 | Queue | Villager (Male) |
| 5:49 | Queue | Villager (Male) |
| 5:49 | Queue | Villager (Male) |
| 6:30 | Queue | Villager (Male) |
| 6:39 | Build | Mill |
| 6:45 | Queue | Villager (Male) |
| 7:25 | Queue | Villager (Male) |
| 7:26 | Queue | Villager (Male) |
| 7:51 | Build | Mining Camp |
| 8:27 | Queue | Villager (Male) |
| 8:47 | Research | Feudal Age |
| 8:47 | Research | Loom |
| 9:15 | Build | Barracks |
| 10:17 | Build | House |
| 11:02 | Age | Feudal Age |
| 11:05 | Build | Blacksmith |
| 11:18 | Queue | Villager (Male) |
| 11:20 | Queue | Militia |
| 11:21 | Queue | Militia |
| 11:22 | Research | Man-at-Arms (upgrade) |
| 11:24 | Queue | Villager (Male) |
| 11:24 | Queue | Villager (Male) |
| 12:05 | Build | Siege Workshop |
| 12:07 | Queue | Villager (Male) |
| 12:11 | Build | House |
| 12:12 | Build | House |
| 12:35 | Queue | Villager (Male) |
| 12:37 | Research | Forging |
| 12:43 | Research | Scale Mail Armor |
| 12:58 | Queue | Battering Ram |
| 12:59 | Queue | Battering Ram |
| 13:01 | Build | House |
| 13:15 | Queue | Militia |
| 13:15 | Queue | Militia |
| 13:15 | Queue | Militia |
| 13:15 | Queue | Militia |
| 13:16 | Queue | Militia |
| 13:16 | Queue | Militia |
| 13:16 | Queue | Militia |
| 13:27 | Build | Farm |
| 13:27 | Build | Farm |
| 13:29 | Build | Farm |
| 13:50 | Queue | Villager (Male) |
| 14:09 | Queue | Battering Ram |
| 14:13 | Queue | Villager (Male) |
| 14:13 | Queue | Villager (Male) |
| 14:49 | Queue | Battering Ram |
| 14:49 | Queue | Battering Ram |
| 15:01 | Build | House |
| 15:02 | Queue | Villager (Male) |
| 15:12 | Queue | Militia |
| 15:28 | Queue | Battering Ram |
| 15:36 | Queue | Villager (Male) |
| 15:50 | Build | House |
| 15:54 | Queue | Militia |
| 15:55 | Queue | Militia |
| 16:04 | Queue | Villager (Male) |
| 16:04 | Queue | Villager (Male) |
| 16:09 | Build | Farm |
| 16:09 | Build | Farm |
| 16:46 | Queue | Villager (Male) |
| 16:50 | Build | Farm |
| 16:51 | Build | Farm |
| 16:53 | Build | Farm |
| 16:54 | Build | Farm |
| 17:01 | Queue | Villager (Male) |
| 17:33 | Build | Town Center |
| 18:00 | Build | Farm |
| 18:04 | Queue | Villager (Male) |
| 18:04 | Queue | Villager (Male) |
| 18:05 | Queue | Villager (Male) |
| 18:18 | Build | House |
| 18:31 | Build | Farm |
| 18:32 | Build | Farm |
| 18:36 | Build | Farm |
| 19:00 | Queue | Villager (Male) |
| 19:00 | Queue | Villager (Male) |
| 19:01 | Queue | Villager (Male) |
| 19:16 | Queue | Villager (Male) |
| 19:34 | Queue | Villager (Male) |
| 19:35 | Queue | Villager (Male) |
| 19:38 | Build | Farm |
| 19:40 | Build | Farm |
| 19:42 | Build | Farm |
| 19:44 | Build | Farm |
| 19:45 | Build | Farm |
| 19:46 | Build | Farm |
| 19:46 | Build | Farm |
| 20:09 | Queue | Villager (Male) |
| 20:09 | Queue | Villager (Male) |
| 20:10 | Queue | Villager (Male) |
| 20:21 | Build | Farm |
| 20:22 | Build | Farm |
| 20:55 | Queue | Villager (Male) |
| 20:56 | Queue | Villager (Male) |
| 20:56 | Queue | Villager (Male) |
| 20:56 | Queue | Villager (Male) |
| 21:33 | Queue | Villager (Male) |
| 21:33 | Queue | Villager (Male) |
| 21:37 | Build | House |
| 21:40 | Build | House |
| 21:46 | Build | Mill |
| 21:49 | Build | Farm |
| 21:50 | Build | Farm |
| 21:51 | Build | Farm |
| 21:52 | Build | Farm |
| 21:53 | Build | Farm |
| 21:54 | Build | Farm |
| 22:32 | Queue | Villager (Male) |
| 22:32 | Queue | Villager (Male) |
| 22:32 | Queue | Villager (Male) |
| 22:33 | Queue | Villager (Male) |
| 22:33 | Queue | Villager (Male) |
| 22:55 | Queue | Villager (Male) |
| 22:55 | Queue | Villager (Male) |
| 22:55 | Queue | Villager (Male) |
| 23:02 | Build | Farm |
| 23:03 | Build | Farm |
| 23:04 | Build | Farm |
| 23:05 | Build | Farm |
| 23:06 | Build | Farm |
| 23:07 | Build | Farm |
Build order — Dafixios
First 150 of 290 actions detected
| 0:01 | Queue | Villager (Male) ×4 |
| 0:02 | Build | House |
| 0:04 | Build | House |
| 1:31 | Queue | Villager (Male) |
| 2:01 | Queue | Villager (Male) |
| 2:19 | Build | Lumber Camp |
| 2:36 | Queue | Villager (Male) |
| 2:36 | Queue | Villager (Male) |
| 3:07 | Queue | Villager (Male) |
| 3:07 | Queue | Villager (Male) |
| 3:23 | Queue | Villager (Male) |
| 3:50 | Build | House |
| 4:18 | Queue | Villager (Male) |
| 4:32 | Build | Mill |
| 4:39 | Queue | Villager (Male) |
| 5:01 | Queue | Villager (Male) |
| 5:42 | Build | House |
| 5:51 | Research | Loom |
| 5:57 | Research | Feudal Age |
| 6:33 | Build | Mining Camp |
| 6:51 | Queue | Villager (Male) |
| 6:51 | Queue | Villager (Male) |
| 8:07 | Age | Feudal Age |
| 8:24 | Build | House |
| 8:33 | Queue | Villager (Male) |
| 9:18 | Build | Blacksmith |
| 9:21 | Queue | Villager (Male) |
| 9:49 | Research | Loom |
| 10:21 | Build | Market |
| 10:27 | Queue | Villager (Male) |
| 10:52 | Queue | Villager (Male) |
| 11:13 | Research | Castle Age |
| 11:16 | Build | Barracks |
| 11:46 | Build | Farm |
| 11:46 | Build | Farm |
| 11:58 | Build | Mill |
| 12:02 | Build | House |
| 13:10 | Research | Double-Bit Axe |
| 13:53 | Age | Castle Age |
| 13:55 | Build | Siege Workshop |
| 13:56 | Queue | Villager (Male) |
| 14:16 | Build | Town Center |
| 14:19 | Queue | Villager (Male) |
| 14:32 | Queue | Villager (Male) |
| 14:53 | Queue | Mangonel |
| 15:04 | Queue | Villager (Male) |
| 15:38 | Queue | Villager (Male) |
| 15:50 | Build | Town Center |
| 15:56 | Queue | Villager (Male) |
| 16:09 | Build | Farm |
| 16:36 | Queue | Villager (Male) |
| 16:36 | Queue | Villager (Male) |
| 17:01 | Queue | Villager (Male) |
| 17:01 | Queue | Villager (Male) |
| 17:06 | Build | Farm |
| 17:24 | Queue | Villager (Male) |
| 17:32 | Build | Farm |
| 17:36 | Queue | Villager (Male) |
| 17:38 | Build | Farm |
| 17:41 | Build | Farm |
| 17:41 | Build | Farm |
| 17:58 | Queue | Mangonel |
| 18:00 | Queue | Villager (Male) |
| 18:00 | Queue | Villager (Male) |
| 18:07 | Build | Farm |
| 18:13 | Build | Farm |
| 18:19 | Queue | Villager (Male) |
| 18:24 | Queue | Villager (Male) |
| 18:30 | Build | Farm |
| 18:41 | Queue | Scorpion |
| 18:45 | Queue | Villager (Male) |
| 18:49 | Build | Farm |
| 18:54 | Queue | Villager (Male) |
| 18:55 | Queue | Villager (Male) |
| 19:11 | Queue | Villager (Male) |
| 19:16 | Build | Farm |
| 19:24 | Queue | Villager (Male) |
| 19:27 | Queue | Scorpion |
| 19:30 | Queue | Villager (Male) |
| 19:34 | Build | House |
| 19:36 | Build | House |
| 19:37 | Build | House |
| 19:41 | Build | Farm |
| 20:12 | Research | Wheelbarrow |
| 20:42 | Build | Palisade Gate |
| 20:49 | Queue | Villager (Male) |
| 20:49 | Queue | Villager (Male) |
| 20:49 | Queue | Villager (Male) |
| 20:52 | Queue | Mangonel |
| 21:52 | Research | Hand Cart |
| 21:53 | Queue | Villager (Male) |
| 22:51 | Build | Stable |
| 22:52 | Build | Stable |
| 22:56 | Research | Forging |
| 22:59 | Build | Stable |
| 23:02 | Queue | Villager (Male) |
| 23:02 | Queue | Villager (Male) |
| 23:03 | Queue | Villager (Male) |
| 23:17 | Queue | Villager (Male) |
| 23:17 | Queue | Villager (Male) |
| 23:20 | Queue | Villager (Male) |
| 23:22 | Research | Bow Saw |
| 23:31 | Research | Horse Collar |
| 23:34 | Build | Mining Camp |
| 23:39 | Build | Farm |
| 23:40 | Queue | Villager (Male) |
| 23:40 | Queue | Villager (Male) |
| 23:57 | Queue | Scorpion |
| 24:00 | Build | Siege Workshop |
| 24:20 | Queue | Steppe Lancer ×3 |
| 24:25 | Build | House |
| 24:26 | Build | House |
| 24:26 | Build | House |
| 24:27 | Queue | Villager (Male) |
| 24:27 | Queue | Villager (Male) |
| 24:39 | Queue | Villager (Male) |
| 24:40 | Queue | Villager (Male) |
| 24:51 | Queue | Scorpion |
| 24:52 | Queue | Scorpion |
| 24:57 | Build | House |
| 24:58 | Build | House |
| 25:05 | Queue | Villager (Male) |
| 25:05 | Queue | Villager (Male) |
| 25:35 | Queue | Scorpion |
| 25:35 | Queue | Scorpion |
| 25:40 | Build | Farm |
| 25:42 | Build | Farm |
| 25:44 | Queue | Villager (Male) |
| 25:45 | Queue | Villager (Male) |
| 25:48 | Build | Mining Camp |
| 25:49 | Build | Farm |
| 25:50 | Build | Farm |
| 25:51 | Research | Heavy Plow |
| 26:04 | Build | House |
| 26:05 | Build | House |
| 26:05 | Build | House |
| 26:10 | Queue | Scorpion |
| 26:11 | Queue | Scorpion |
| 26:19 | Queue | Steppe Lancer ×2 |
| 26:53 | Build | Farm |
| 26:58 | Queue | Villager (Male) |
| 26:58 | Queue | Villager (Male) |
| 26:59 | Queue | Villager (Male) |
| 27:00 | Research | Gold Mining |
| 27:08 | Research | Stone Mining |
| 27:17 | Queue | Scorpion |
| 27:17 | Queue | Scorpion |
| 27:34 | Research | Scale Barding Armor |
| 27:38 | Queue | Villager (Male) |
| 27:40 | Build | Lumber Camp |
Build order — Milongo
First 150 of 295 actions detected
| 0:01 | Queue | Villager (Male) |
| 0:04 | Build | House |
| 0:05 | Build | House |
| 0:29 | Queue | Villager (Male) ×3 |
| 1:31 | Queue | Villager (Male) |
| 1:53 | Build | Lumber Camp |
| 2:00 | Build | Lumber Camp |
| 2:03 | Queue | Villager (Male) |
| 2:43 | Queue | Villager (Male) |
| 2:53 | Queue | Villager (Male) |
| 3:16 | Queue | Villager (Male) |
| 3:51 | Queue | Villager (Male) |
| 4:04 | Build | House |
| 4:05 | Build | House |
| 4:06 | Build | House |
| 4:24 | Queue | Villager (Male) |
| 4:51 | Queue | Villager (Male) |
| 4:53 | Queue | Villager (Male) |
| 5:15 | Build | Mill |
| 5:41 | Queue | Villager (Male) |
| 5:44 | Queue | Villager (Male) |
| 6:16 | Queue | Villager (Male) |
| 6:21 | Queue | Villager (Male) |
| 6:41 | Build | Mill |
| 7:08 | Queue | Villager (Male) |
| 7:08 | Queue | Villager (Male) |
| 8:03 | Queue | Villager (Male) |
| 8:26 | Queue | Villager (Male) |
| 8:26 | Queue | Villager (Male) |
| 8:49 | Build | Lumber Camp |
| 8:53 | Queue | Villager (Male) |
| 9:07 | Build | Farm |
| 9:10 | Build | Farm |
| 9:18 | Build | Farm |
| 9:25 | Build | Farm |
| 9:30 | Queue | Villager (Male) |
| 9:35 | Research | Feudal Age |
| 10:47 | Build | Mining Camp |
| 11:31 | Build | House |
| 11:32 | Build | House |
| 11:45 | Queue | Villager (Male) |
| 11:45 | Queue | Villager (Male) |
| 11:50 | Build | Farm |
| 11:54 | Build | Farm |
| 12:00 | Build | Farm |
| 12:04 | Build | Farm |
| 12:26 | Age | Feudal Age |
| 12:30 | Build | Market |
| 12:33 | Build | Blacksmith |
| 12:35 | Build | House |
| 13:11 | Build | Farm |
| 13:27 | Research | Castle Age |
| 13:42 | Research | Horse Collar |
| 13:42 | Research | Horse Collar |
| 14:00 | Build | Farm |
| 14:03 | Build | Farm |
| 14:10 | Research | Double-Bit Axe |
| 15:09 | Queue | Villager (Male) |
| 16:06 | Queue | Villager (Male) |
| 16:07 | Age | Castle Age |
| 16:31 | Build | Town Center |
| 16:41 | Queue | Villager (Male) |
| 16:46 | Build | House |
| 16:47 | Build | House |
| 16:48 | Build | House |
| 16:56 | Build | Monastery |
| 16:58 | Queue | Villager (Male) |
| 17:02 | Research | Bow Saw |
| 17:07 | Build | Farm |
| 17:27 | Build | Farm |
| 17:28 | Queue | Villager (Male) |
| 17:29 | Queue | Villager (Male) |
| 17:57 | Research | Loom |
| 17:58 | Research | Town Watch |
| 17:59 | Queue | Villager (Male) |
| 18:00 | Queue | Villager (Male) |
| 18:05 | Queue | Villager (Male) |
| 18:05 | Queue | Villager (Male) |
| 18:08 | Build | Mining Camp |
| 18:13 | Build | Castle |
| 18:24 | Build | Gate |
| 18:29 | Build | House |
| 18:32 | Build | House |
| 20:20 | Build | Gate |
| 20:23 | Build | Stone Wall |
| 20:55 | Queue | Villager (Male) |
| 20:55 | Queue | Villager (Male) |
| 20:55 | Queue | Villager (Male) |
| 20:56 | Queue | Villager (Male) |
| 21:16 | Queue | Villager (Male) |
| 21:17 | Queue | Villager (Male) |
| 21:17 | Queue | Villager (Male) |
| 21:18 | Queue | Villager (Male) |
| 21:48 | Build | House |
| 21:50 | Build | House |
| 21:51 | Build | House |
| 22:03 | Build | Farm |
| 22:04 | Build | Farm |
| 22:19 | Queue | Villager (Male) |
| 22:22 | Queue | Villager (Male) |
| 22:43 | Build | Castle |
| 22:49 | Build | Mining Camp |
| 22:56 | Queue | Villager (Male) |
| 23:03 | Queue | Villager (Male) |
| 23:03 | Queue | Villager (Male) |
| 23:21 | Build | House |
| 23:22 | Build | House |
| 23:40 | Queue | Villager (Male) |
| 23:40 | Queue | Villager (Male) |
| 23:41 | Queue | Villager (Male) |
| 23:52 | Build | Farm |
| 23:54 | Build | Farm |
| 23:57 | Build | Farm |
| 23:58 | Build | Farm |
| 24:19 | Queue | Villager (Male) |
| 24:20 | Queue | Villager (Male) |
| 24:26 | Build | House |
| 24:31 | Queue | Monk |
| 24:50 | Research | Wheelbarrow |
| 25:03 | Build | Farm |
| 25:04 | Build | Farm |
| 25:04 | Build | Farm |
| 25:04 | Build | Farm |
| 25:05 | Build | Farm |
| 25:05 | Build | Farm |
| 25:05 | Build | Farm |
| 25:11 | Queue | Villager (Male) |
| 25:11 | Queue | Villager (Male) |
| 25:46 | Queue | Villager (Male) |
| 25:47 | Queue | Villager (Male) |
| 26:02 | Research | Heavy Plow |
| 26:09 | Build | University |
| 26:11 | Build | House |
| 26:13 | Build | House |
| 26:15 | Build | House |
| 26:39 | Build | Farm |
| 26:58 | Build | Lumber Camp |
| 27:37 | Research | Imperial Age |
| 27:40 | Queue | Villager (Male) |
| 27:47 | Build | Lumber Camp |
| 27:53 | Build | House |
| 27:54 | Build | House |
| 27:58 | Queue | Villager (Male) |
| 27:59 | Queue | Villager (Male) |
| 28:15 | Build | Barracks |
| 28:20 | Build | Barracks |
| 28:23 | Research | Hand Cart |
| 28:26 | Research | Scale Mail Armor |
| 28:26 | Research | Forging |
| 28:31 | Queue | Villager (Male) |
Build order — Alexr_93
First 150 of 272 actions detected
| 0:07 | Queue | Villager (Male) |
| 0:08 | Queue | Villager (Male) |
| 0:08 | Queue | Villager (Male) |
| 0:08 | Queue | Villager (Male) |
| 0:18 | Build | House |
| 0:19 | Build | House |
| 1:46 | Queue | Villager (Male) |
| 1:46 | Queue | Villager (Male) |
| 2:12 | Queue | Villager (Male) |
| 2:12 | Queue | Villager (Male) |
| 2:44 | Queue | Villager (Male) |
| 2:47 | Queue | Villager (Male) |
| 2:47 | Queue | Villager (Male) |
| 3:10 | Queue | Villager (Male) |
| 3:38 | Build | House |
| 3:39 | Build | House |
| 3:41 | Build | House |
| 3:47 | Queue | Villager (Male) |
| 4:07 | Queue | Villager (Male) |
| 4:07 | Queue | Villager (Male) |
| 4:31 | Build | Lumber Camp |
| 4:42 | Queue | Villager (Male) |
| 4:47 | Build | House |
| 5:07 | Queue | Villager (Male) |
| 5:42 | Queue | Villager (Male) |
| 5:42 | Queue | Villager (Male) |
| 5:42 | Queue | Villager (Male) |
| 6:03 | Queue | Villager (Male) |
| 6:13 | Build | Mining Camp |
| 6:39 | Queue | Villager (Male) |
| 6:44 | Queue | Villager (Male) |
| 6:56 | Build | House |
| 7:02 | Build | Mill |
| 7:27 | Queue | Villager (Male) |
| 7:37 | Queue | Villager (Male) |
| 7:37 | Queue | Villager (Male) |
| 7:59 | Queue | Villager (Male) |
| 8:00 | Queue | Villager (Male) |
| 8:58 | Queue | Villager (Male) |
| 9:29 | Queue | Villager (Male) |
| 9:42 | Queue | Villager (Male) |
| 10:07 | Queue | Villager (Male) |
| 10:19 | Build | Mining Camp |
| 10:28 | Build | Mill |
| 11:39 | Research | Feudal Age |
| 11:48 | Queue | Villager (Male) |
| 11:49 | Queue | Villager (Male) |
| 11:52 | Research | Loom |
| 12:40 | Build | Barracks |
| 13:49 | Age | Feudal Age |
| 14:09 | Build | Blacksmith |
| 14:14 | Build | Market |
| 14:22 | Build | Farm |
| 14:22 | Build | Farm |
| 14:23 | Build | Farm |
| 14:23 | Build | Farm |
| 14:24 | Build | Farm |
| 14:24 | Build | Farm |
| 14:25 | Build | Farm |
| 14:25 | Build | Farm |
| 15:10 | Research | Castle Age |
| 15:42 | Build | Farm |
| 15:42 | Build | Farm |
| 17:06 | Research | Wheelbarrow |
| 17:08 | Queue | Villager (Male) |
| 17:08 | Queue | Villager (Male) |
| 17:10 | Queue | Villager (Male) |
| 17:50 | Age | Castle Age |
| 17:58 | Build | Town Center |
| 18:05 | Build | Town Center |
| 18:26 | Build | Castle |
| 18:46 | Queue | Villager (Male) |
| 18:46 | Queue | Villager (Male) |
| 18:46 | Queue | Villager (Male) |
| 19:10 | Queue | Villager (Male) |
| 19:10 | Queue | Villager (Male) |
| 19:10 | Queue | Villager (Male) |
| 19:11 | Queue | Villager (Male) |
| 19:11 | Queue | Villager (Male) |
| 19:11 | Queue | Villager (Male) |
| 19:11 | Queue | Villager (Male) |
| 19:12 | Queue | Villager (Male) |
| 20:01 | Build | Siege Workshop |
| 20:13 | Build | Siege Workshop |
| 20:36 | Queue | Mangonel |
| 20:56 | Queue | Scorpion |
| 21:18 | Build | Farm |
| 21:18 | Build | Farm |
| 21:18 | Build | Farm |
| 21:19 | Build | Farm |
| 21:19 | Build | Farm |
| 21:19 | Build | Farm |
| 21:32 | Build | Mill |
| 21:34 | Queue | Organ Gun |
| 21:34 | Queue | Organ Gun |
| 23:40 | Build | Mill |
| 23:45 | Queue | Villager (Male) |
| 23:45 | Queue | Villager (Male) |
| 23:45 | Queue | Villager (Male) |
| 23:46 | Queue | Villager (Male) |
| 23:46 | Queue | Villager (Male) |
| 23:46 | Queue | Villager (Male) |
| 24:17 | Queue | Villager (Male) |
| 24:27 | Queue | Organ Gun |
| 24:28 | Queue | Organ Gun |
| 24:28 | Queue | Organ Gun |
| 24:40 | Queue | Villager (Male) |
| 24:41 | Queue | Villager (Male) |
| 24:50 | Queue | Villager (Male) |
| 24:53 | Queue | Organ Gun |
| 25:19 | Build | Gate |
| 25:23 | Queue | Villager (Male) |
| 25:24 | Queue | Villager (Male) |
| 25:24 | Queue | Villager (Male) |
| 25:35 | Build | Town Center |
| 25:40 | Queue | Villager (Male) |
| 25:40 | Queue | Villager (Male) |
| 26:02 | Queue | Villager (Male) |
| 26:03 | Queue | Villager (Male) |
| 26:29 | Queue | Villager (Male) |
| 26:59 | Queue | Villager (Male) |
| 26:59 | Queue | Villager (Male) |
| 27:16 | Build | Mining Camp |
| 27:23 | Queue | Villager (Male) |
| 27:23 | Queue | Villager (Male) |
| 27:23 | Queue | Villager (Male) |
| 27:44 | Build | Farm |
| 27:44 | Build | Farm |
| 27:47 | Queue | Villager (Male) |
| 28:18 | Build | Farm |
| 28:18 | Build | Farm |
| 28:18 | Build | Farm |
| 28:20 | Queue | Villager (Male) |
| 28:20 | Queue | Villager (Male) |
| 28:21 | Queue | Villager (Male) |
| 28:48 | Queue | Villager (Male) |
| 28:48 | Queue | Villager (Male) |
| 28:52 | Build | Farm |
| 28:52 | Build | Farm |
| 28:53 | Queue | Villager (Male) |
| 28:54 | Queue | Villager (Male) |
| 28:56 | Queue | Organ Gun |
| 28:56 | Queue | Organ Gun |
| 28:56 | Queue | Organ Gun |
| 29:01 | Build | House |
| 29:11 | Build | Farm |
| 29:15 | Build | House |
| 29:16 | Build | House |
| 29:18 | Build | House |
| 29:23 | Queue | Organ Gun |
Build order — American
First 150 of 315 actions detected
| 0:01 | Queue | Villager (Male) |
| 0:02 | Queue | Villager (Male) |
| 0:02 | Queue | Villager (Male) |
| 0:02 | Queue | Villager (Male) |
| 0:03 | Queue | Villager (Male) |
| 0:04 | Build | House |
| 0:06 | Build | House |
| 1:25 | Queue | Villager (Male) |
| 1:25 | Queue | Villager (Male) |
| 2:00 | Queue | Villager (Male) |
| 2:11 | Build | Lumber Camp |
| 2:27 | Queue | Villager (Male) |
| 2:27 | Queue | Villager (Male) |
| 2:40 | Queue | Villager (Male) |
| 2:40 | Queue | Villager (Male) |
| 2:41 | Queue | Villager (Male) |
| 2:51 | Queue | Villager (Male) |
| 3:31 | Build | House |
| 3:33 | Build | House |
| 3:34 | Build | House |
| 3:38 | Queue | Villager (Male) |
| 3:48 | Build | House |
| 3:54 | Queue | Villager (Male) |
| 3:55 | Queue | Villager (Male) |
| 3:55 | Queue | Villager (Male) |
| 4:34 | Queue | Villager (Male) |
| 4:51 | Queue | Villager (Male) |
| 5:11 | Build | Mill |
| 5:27 | Queue | Villager (Male) |
| 5:28 | Queue | Villager (Male) |
| 5:28 | Queue | Villager (Male) |
| 5:57 | Queue | Villager (Male) |
| 6:10 | Queue | Villager (Male) |
| 6:11 | Queue | Villager (Male) |
| 6:11 | Queue | Villager (Male) |
| 6:23 | Queue | Villager (Male) |
| 7:26 | Build | Mill |
| 8:27 | Build | Mining Camp |
| 8:43 | Research | Feudal Age |
| 9:11 | Queue | Villager (Male) |
| 9:11 | Queue | Villager (Male) |
| 10:41 | Build | Farm |
| 10:57 | Age | Feudal Age |
| 11:01 | Build | Market |
| 11:08 | Build | Blacksmith |
| 11:50 | Research | Castle Age |
| 12:12 | Build | House |
| 12:13 | Build | House |
| 13:01 | Build | House |
| 13:04 | Research | Double-Bit Axe |
| 14:08 | Build | Farm |
| 14:09 | Research | Horse Collar |
| 14:14 | Build | Farm |
| 14:16 | Build | Farm |
| 14:30 | Age | Castle Age |
| 14:33 | Queue | Villager (Male) |
| 14:35 | Queue | Villager (Male) |
| 14:37 | Research | Heavy Plow |
| 14:42 | Research | Bow Saw |
| 15:13 | Queue | Villager (Male) |
| 15:23 | Build | Town Center |
| 15:29 | Queue | Villager (Male) |
| 15:53 | Build | Farm |
| 15:54 | Build | Farm |
| 15:55 | Build | Farm |
| 16:10 | Queue | Villager (Male) |
| 16:21 | Build | Farm |
| 16:22 | Build | Farm |
| 16:35 | Queue | Villager (Male) |
| 16:54 | Build | Town Center |
| 16:57 | Queue | Villager (Male) |
| 17:03 | Build | Farm |
| 17:04 | Build | Farm |
| 17:06 | Build | Farm |
| 17:07 | Build | Farm |
| 17:08 | Build | Farm |
| 17:09 | Build | Farm |
| 17:10 | Build | Farm |
| 17:10 | Build | Farm |
| 17:10 | Build | Farm |
| 17:10 | Build | Farm |
| 17:11 | Build | Farm |
| 17:11 | Build | Farm |
| 17:11 | Build | Farm |
| 17:11 | Build | Farm |
| 17:12 | Build | Farm |
| 17:12 | Build | Farm |
| 17:12 | Build | Farm |
| 17:13 | Build | Farm |
| 17:13 | Build | Farm |
| 17:13 | Build | Farm |
| 17:13 | Build | Farm |
| 17:14 | Build | Farm |
| 17:14 | Build | Farm |
| 17:15 | Build | Farm |
| 17:16 | Queue | Villager (Male) |
| 17:30 | Queue | Villager (Male) |
| 17:34 | Build | Farm |
| 17:42 | Build | Farm |
| 17:47 | Queue | Villager (Male) |
| 18:02 | Queue | Villager (Male) ×3 |
| 18:05 | Build | Farm |
| 18:17 | Build | Farm |
| 18:22 | Queue | Villager (Male) ×2 |
| 18:33 | Build | Farm |
| 18:34 | Build | Farm |
| 18:35 | Build | Farm |
| 18:37 | Build | Farm |
| 18:39 | Build | Farm |
| 18:42 | Queue | Villager (Male) |
| 18:59 | Queue | Villager (Male) ×3 |
| 19:11 | Queue | Villager (Male) |
| 19:15 | Build | Farm |
| 19:28 | Build | House |
| 19:29 | Build | House |
| 19:30 | Build | House |
| 19:31 | Build | House |
| 19:32 | Build | House |
| 19:38 | Queue | Villager (Male) ×3 |
| 19:53 | Queue | Villager (Male) ×3 |
| 20:07 | Build | Town Center |
| 20:17 | Queue | Villager (Male) |
| 20:34 | Build | Lumber Camp |
| 20:45 | Research | Wheelbarrow |
| 20:46 | Queue | Villager (Male) ×3 |
| 20:46 | Queue | Villager (Male) ×3 |
| 20:54 | Build | Farm |
| 20:55 | Build | Farm |
| 20:56 | Build | Farm |
| 20:57 | Build | Farm |
| 20:59 | Build | Farm |
| 21:05 | Queue | Villager (Male) ×3 |
| 21:09 | Build | House |
| 21:09 | Build | House |
| 21:11 | Build | House |
| 21:12 | Build | House |
| 21:18 | Queue | Villager (Male) |
| 21:39 | Build | Town Center |
| 21:45 | Build | Farm |
| 21:52 | Queue | Villager (Male) |
| 22:00 | Research | Hand Cart |
| 22:02 | Queue | Villager (Male) |
| 22:10 | Build | Farm |
| 22:18 | Queue | Villager (Male) ×3 |
| 22:18 | Queue | Villager (Male) ×3 |
| 22:22 | Build | House |
| 22:22 | Build | House |
| 22:25 | Queue | Villager (Male) |
| 22:31 | Build | Farm |
| 22:32 | Build | Farm |
Build order — cjds
First 150 of 352 actions detected
| 0:00 | Queue | Villager (Male) |
| 0:01 | Queue | Villager (Male) |
| 0:01 | Queue | Villager (Male) |
| 0:03 | Build | House |
| 0:04 | Queue | Villager (Male) |
| 0:06 | Build | House |
| 1:30 | Queue | Villager (Male) |
| 1:50 | Queue | Villager (Male) |
| 1:55 | Build | Lumber Camp |
| 2:24 | Queue | Villager (Male) |
| 2:52 | Queue | Villager (Male) |
| 2:53 | Queue | Villager (Male) |
| 3:28 | Build | House |
| 3:29 | Build | House |
| 3:32 | Queue | Villager (Male) |
| 4:08 | Queue | Villager (Male) |
| 4:08 | Queue | Villager (Male) |
| 4:30 | Build | Mill |
| 4:36 | Queue | Villager (Male) |
| 5:07 | Queue | Villager (Male) |
| 5:08 | Queue | Villager (Male) |
| 5:56 | Queue | Villager (Male) |
| 5:56 | Queue | Villager (Male) |
| 6:09 | Build | Mill |
| 6:41 | Queue | Villager (Male) |
| 6:41 | Queue | Villager (Male) |
| 7:32 | Queue | Villager (Male) |
| 7:33 | Queue | Villager (Male) |
| 8:05 | Build | Mining Camp |
| 8:13 | Research | Feudal Age |
| 9:32 | Build | House |
| 9:39 | Build | Farm |
| 9:41 | Queue | Villager (Male) |
| 9:41 | Queue | Villager (Male) |
| 10:55 | Age | Feudal Age |
| 11:02 | Build | Market |
| 11:05 | Build | Blacksmith |
| 11:55 | Research | Castle Age |
| 12:07 | Research | Double-Bit Axe |
| 12:49 | Queue | Villager (Male) |
| 12:53 | Build | House |
| 12:55 | Build | House |
| 14:03 | Queue | Villager (Male) |
| 14:08 | Research | Horse Collar |
| 14:11 | Build | Farm |
| 14:12 | Build | Farm |
| 14:35 | Age | Castle Age |
| 14:36 | Queue | Villager (Male) |
| 14:40 | Build | Town Center |
| 14:43 | Build | Town Center |
| 14:46 | Queue | Villager (Male) |
| 14:48 | Research | Bow Saw |
| 15:06 | Queue | Villager (Male) |
| 15:16 | Queue | Villager (Male) |
| 15:25 | Build | Farm |
| 15:41 | Queue | Villager (Male) |
| 15:50 | Queue | Villager (Male) |
| 15:50 | Queue | Villager (Male) |
| 16:02 | Queue | Villager (Male) |
| 16:02 | Queue | Villager (Male) |
| 16:07 | Build | Farm |
| 16:07 | Build | Farm |
| 16:08 | Build | Farm |
| 16:08 | Build | Farm |
| 16:17 | Build | Monastery |
| 16:20 | Queue | Villager (Male) |
| 16:29 | Build | Farm |
| 16:48 | Build | Farm |
| 16:56 | Queue | Villager (Male) |
| 17:03 | Queue | Monk |
| 17:11 | Build | Farm |
| 17:14 | Build | House |
| 17:20 | Build | Farm |
| 17:20 | Queue | Villager (Male) |
| 17:23 | Build | Farm |
| 17:26 | Build | Farm |
| 17:26 | Build | Farm |
| 17:27 | Build | Farm |
| 17:27 | Build | Farm |
| 17:27 | Build | Farm |
| 17:37 | Build | Farm |
| 17:40 | Build | House |
| 18:07 | Queue | Villager (Male) |
| 18:07 | Queue | Villager (Male) |
| 18:13 | Build | Barracks |
| 18:15 | Queue | Villager (Male) |
| 18:18 | Build | Farm |
| 18:18 | Build | Farm |
| 18:19 | Build | Farm |
| 18:19 | Build | Farm |
| 18:33 | Queue | Villager (Male) |
| 18:34 | Queue | Villager (Male) |
| 18:39 | Queue | Villager (Male) |
| 18:54 | Queue | Villager (Male) |
| 18:54 | Queue | Villager (Male) |
| 19:06 | Queue | Villager (Male) |
| 19:10 | Build | House |
| 19:13 | Build | Farm |
| 19:13 | Build | Farm |
| 19:13 | Build | Farm |
| 19:14 | Build | Farm |
| 19:18 | Queue | Monk |
| 19:23 | Build | Farm |
| 19:28 | Queue | Monk |
| 19:41 | Queue | Villager (Male) |
| 19:42 | Queue | Villager (Male) |
| 19:42 | Queue | Villager (Male) |
| 19:46 | Build | Mining Camp |
| 19:48 | Queue | Villager (Male) |
| 19:58 | Queue | Villager (Male) |
| 20:06 | Queue | Villager (Male) |
| 20:19 | Queue | Villager (Male) |
| 20:19 | Queue | Villager (Male) |
| 20:22 | Build | Mill |
| 20:23 | Build | Farm |
| 20:23 | Build | Farm |
| 20:23 | Build | Farm |
| 20:24 | Build | Farm |
| 20:24 | Build | Farm |
| 20:25 | Queue | Villager (Male) |
| 20:38 | Queue | Villager (Male) |
| 21:07 | Queue | Villager (Male) |
| 21:07 | Queue | Villager (Male) |
| 21:08 | Queue | Villager (Male) |
| 21:08 | Queue | Villager (Male) |
| 21:11 | Build | Farm |
| 21:11 | Build | Farm |
| 21:11 | Build | Farm |
| 21:14 | Build | House |
| 21:29 | Queue | Villager (Male) |
| 21:29 | Queue | Villager (Male) |
| 21:40 | Build | Town Center |
| 21:41 | Build | Farm |
| 21:42 | Build | Farm |
| 21:42 | Build | Farm |
| 21:42 | Build | Farm |
| 21:43 | Build | Farm |
| 21:43 | Build | Farm |
| 21:44 | Queue | Villager (Male) |
| 21:44 | Queue | Villager (Male) |
| 21:44 | Queue | Villager (Male) |
| 21:47 | Build | House |
| 21:48 | Build | House |
| 21:55 | Queue | Villager (Male) |
| 21:56 | Queue | Villager (Male) |
| 22:09 | Build | House |
| 22:10 | Build | House |
| 22:15 | Research | Heavy Plow |
| 22:18 | Queue | Villager (Male) |
| 22:20 | Build | Farm |
Build order — [Yodas] Ivaylo AOE CL
First 150 of 466 actions detected
| 0:01 | Queue | Villager (Male) |
| 0:01 | Queue | Villager (Male) |
| 0:01 | Queue | Villager (Male) |
| 0:01 | Queue | Villager (Male) |
| 0:03 | Build | House |
| 0:04 | Build | House |
| 1:25 | Queue | Villager (Male) |
| 1:26 | Queue | Villager (Male) |
| 1:51 | Queue | Villager (Male) |
| 1:51 | Queue | Villager (Male) |
| 1:51 | Queue | Villager (Male) |
| 1:54 | Build | Lumber Camp |
| 2:22 | Queue | Villager (Male) |
| 2:23 | Queue | Villager (Male) |
| 2:23 | Queue | Villager (Male) |
| 2:53 | Queue | Villager (Male) |
| 2:53 | Queue | Villager (Male) |
| 2:53 | Queue | Villager (Male) |
| 3:26 | Queue | Villager (Male) |
| 3:26 | Queue | Villager (Male) |
| 3:40 | Build | House |
| 3:41 | Build | House |
| 3:42 | Build | House |
| 3:55 | Queue | Villager (Male) |
| 3:55 | Queue | Villager (Male) |
| 3:55 | Queue | Villager (Male) |
| 3:55 | Queue | Villager (Male) |
| 4:09 | Queue | Villager (Male) |
| 4:36 | Queue | Villager (Male) |
| 4:52 | Queue | Villager (Male) |
| 4:52 | Queue | Villager (Male) |
| 5:07 | Build | Mill |
| 5:17 | Queue | Villager (Male) |
| 5:17 | Queue | Villager (Male) |
| 6:23 | Queue | Villager (Male) |
| 6:23 | Queue | Villager (Male) |
| 7:22 | Queue | Villager (Male) |
| 7:22 | Queue | Villager (Male) |
| 7:27 | Build | Mill |
| 7:55 | Queue | Villager (Male) |
| 8:02 | Build | Mining Camp |
| 8:25 | Research | Feudal Age |
| 9:26 | Queue | Villager (Male) |
| 9:26 | Queue | Villager (Male) |
| 10:21 | Build | Farm |
| 11:21 | Age | Feudal Age |
| 11:22 | Build | Market |
| 11:25 | Build | Blacksmith |
| 11:28 | Research | Double-Bit Axe |
| 11:42 | Build | House |
| 12:08 | Build | Farm |
| 12:13 | Research | Castle Age |
| 12:55 | Build | Barracks |
| 13:07 | Build | Farm |
| 13:10 | Build | Farm |
| 13:41 | Queue | Militia |
| 13:41 | Queue | Militia |
| 13:44 | Queue | Villager (Male) |
| 14:10 | Queue | Militia |
| 14:17 | Build | House |
| 14:20 | Build | House |
| 14:25 | Build | Farm |
| 14:38 | Queue | Militia |
| 14:53 | Age | Castle Age |
| 14:55 | Build | Siege Workshop |
| 15:00 | Queue | Villager (Male) |
| 15:05 | Queue | Militia |
| 15:20 | Queue | Militia |
| 15:24 | Build | House |
| 15:27 | Queue | Battering Ram |
| 15:36 | Build | Farm |
| 15:40 | Queue | Villager (Male) |
| 15:46 | Queue | Militia |
| 15:49 | Queue | Villager (Male) |
| 15:52 | Queue | Battering Ram |
| 16:12 | Queue | Militia |
| 16:13 | Queue | Villager (Male) |
| 16:15 | Queue | Battering Ram |
| 16:24 | Build | Farm |
| 16:30 | Queue | Villager (Male) |
| 16:31 | Queue | Militia |
| 16:56 | Queue | Militia |
| 17:23 | Build | Farm |
| 17:23 | Build | Farm |
| 17:24 | Build | Farm |
| 17:25 | Build | Farm |
| 17:27 | Build | Farm |
| 17:28 | Build | Farm |
| 17:29 | Queue | Villager (Male) |
| 17:39 | Build | House |
| 17:48 | Queue | Villager (Male) |
| 17:52 | Build | Mining Camp |
| 18:05 | Queue | Villager (Male) |
| 18:07 | Build | House |
| 18:32 | Queue | Villager (Male) |
| 18:49 | Research | Arson |
| 19:16 | Queue | Villager (Male) |
| 19:17 | Queue | Villager (Male) |
| 19:22 | Build | House |
| 19:23 | Build | House |
| 19:59 | Queue | Villager (Male) |
| 19:59 | Queue | Villager (Male) |
| 20:12 | Queue | Villager (Male) |
| 20:12 | Queue | Villager (Male) |
| 20:15 | Build | Town Center |
| 20:30 | Build | Town Center |
| 20:53 | Queue | Villager (Male) |
| 20:53 | Queue | Villager (Male) |
| 21:15 | Build | Town Center |
| 21:24 | Queue | Villager (Male) |
| 21:25 | Queue | Villager (Male) |
| 21:28 | Queue | Villager (Male) |
| 21:28 | Queue | Villager (Male) |
| 21:40 | Queue | Villager (Male) |
| 21:41 | Queue | Villager (Male) |
| 22:09 | Queue | Villager (Male) |
| 22:09 | Queue | Villager (Male) |
| 22:28 | Build | Farm |
| 22:30 | Build | Farm |
| 22:34 | Queue | Villager (Male) |
| 22:34 | Queue | Villager (Male) |
| 22:37 | Research | Town Watch |
| 22:58 | Queue | Villager (Male) |
| 22:58 | Queue | Villager (Male) |
| 23:06 | Build | Farm |
| 23:07 | Build | Farm |
| 23:08 | Build | Farm |
| 23:12 | Queue | Villager (Male) |
| 23:13 | Queue | Villager (Male) |
| 23:15 | Research | Loom |
| 23:29 | Build | Krepost |
| 23:30 | Queue | Villager (Male) |
| 23:31 | Queue | Villager (Male) |
| 23:36 | Queue | Mangonel |
| 23:53 | Research | Scale Barding Armor |
| 23:53 | Queue | Villager (Male) |
| 23:53 | Queue | Villager (Male) |
| 23:57 | Build | Farm |
| 23:58 | Build | Farm |
| 24:00 | Build | Farm |
| 24:02 | Queue | Villager (Male) |
| 24:02 | Queue | Villager (Male) |
| 24:10 | Build | Farm |
| 24:13 | Build | Farm |
| 24:20 | Queue | Villager (Male) |
| 24:20 | Queue | Villager (Male) |
| 24:23 | Build | Farm |
| 24:24 | Build | Farm |
| 24:29 | Queue | Villager (Male) |
| 24:29 | Queue | Villager (Male) |
Match timeline
| 8:07 | Dafixios · age_up feudal |
| 9:15 | SeñorLeyenda#561 · first_building Barracks |
| 10:55 | cjds · age_up feudal |
| 10:57 | American · age_up feudal |
| 11:02 | SeñorLeyenda#561 · age_up feudal |
| 11:02 | Dani - Voy Fatal de Recursos · age_up feudal |
| 11:16 | Dafixios · first_building Barracks |
| 11:21 | [Yodas] Ivaylo AOE CL · age_up feudal |
| 12:05 | SeñorLeyenda#561 · first_building Siege Workshop |
| 12:26 | Milongo · age_up feudal |
| 12:40 | Alexr_93 · first_building Barracks |
| 12:55 | [Yodas] Ivaylo AOE CL · first_building Barracks |
| 13:25 | Milongo · first_market_sell 100 food |
| 13:49 | Alexr_93 · age_up feudal |
| 13:53 | Dafixios · age_up castle |
| 13:55 | Dafixios · first_building Siege Workshop |
| 14:13 | Dani - Voy Fatal de Recursos · age_up castle |
| 14:30 | American · age_up castle |
| 14:35 | cjds · age_up castle |
| 14:53 | [Yodas] Ivaylo AOE CL · age_up castle |
| 14:55 | [Yodas] Ivaylo AOE CL · first_building Siege Workshop |
| 16:07 | Milongo · age_up castle |
| 16:13 | cjds · first_market_buy 100 wood |
| 16:17 | cjds · first_building Monastery |
| 16:35 | Dafixios · first_market_buy 100 food |
| 16:56 | Milongo · first_building Monastery |
| 17:02 | cjds · first_market_sell 100 wood |
| 17:50 | Alexr_93 · age_up castle |
| 18:00 | American · first_market_buy 100 food |
| 18:13 | Milongo · first_building Castle |
| 18:13 | cjds · first_building Barracks |
| 18:26 | Alexr_93 · first_building Castle |
| 20:01 | Alexr_93 · first_building Siege Workshop |
| 20:08 | Alexr_93 · first_market_buy 100 wood |
| 20:23 | Milongo · wall_segment Stone Wall x1 |
| 20:33 | Alexr_93 · first_market_sell 100 food |
| 22:45 | Dani - Voy Fatal de Recursos · first_building Siege Workshop |
| 22:51 | Dafixios · first_building Stable |
| 23:29 | [Yodas] Ivaylo AOE CL · first_building Krepost |
| 24:40 | American · first_market_sell 100 food |
| 24:51 | SeñorLeyenda#561 · first_building Archery Range |
| 24:56 | American · first_building Siege Workshop |
| 25:41 | cjds · first_building Stable |
| 26:07 | Dani - Voy Fatal de Recursos · first_market_sell 500 food |
| 26:18 | American · first_building Barracks |
| 26:37 | [Yodas] Ivaylo AOE CL · first_market_buy 100 wood |
| 27:06 | American · tribute_sent a jugador 1 |
| 27:06 | American · tribute_sent a jugador 2 |
| 27:06 | American · tribute_sent a jugador 3 |
| 27:06 | American · tribute_sent a jugador 4 |
| 27:06 | American · tribute_sent a jugador 6 |
| 27:06 | American · tribute_sent a jugador 7 |
| 27:06 | American · tribute_sent a jugador 8 |
| 27:12 | SeñorLeyenda#561 · age_up castle |
| 27:31 | Milongo · first_market_buy 100 food |
| 27:36 | American · first_building Stable |
| 27:46 | SeñorLeyenda#561 · first_building Castle |
| 27:53 | cjds · tribute_sent a jugador 1 |
| 27:53 | cjds · tribute_sent a jugador 2 |
| 27:53 | cjds · tribute_sent a jugador 3 |
| 27:53 | cjds · tribute_sent a jugador 4 |
| 27:53 | cjds · tribute_sent a jugador 5 |
| 27:53 | cjds · tribute_sent a jugador 6 |
| 27:53 | cjds · tribute_sent a jugador 8 |
| 28:15 | Milongo · first_building Barracks |
| 29:06 | [Yodas] Ivaylo AOE CL · first_building Castle |
| 29:10 | cjds · first_building Castle |
| 29:12 | Milongo · first_building Siege Workshop |
| 29:20 | Dafixios · first_market_sell 100 wood |
| 29:26 | Dafixios · first_building Monastery |
| 29:57 | Dani - Voy Fatal de Recursos · age_up imperial |
| 30:19 | American · first_building Castle |
| 30:35 | Dafixios · first_building Castle |
| 30:36 | cjds · age_up imperial |
| 30:37 | American · age_up imperial |
| 30:47 | Milongo · age_up imperial |
| 33:05 | Dafixios · age_up imperial |
| 33:31 | Dani - Voy Fatal de Recursos · first_building Castle |
| 33:40 | [Yodas] Ivaylo AOE CL · first_market_sell 500 food |
| 33:47 | cjds · tribute_sent a jugador 1 |
| 33:47 | cjds · tribute_sent a jugador 2 |
| 33:47 | cjds · tribute_sent a jugador 3 |
| 33:47 | cjds · tribute_sent a jugador 4 |
| 33:47 | cjds · tribute_sent a jugador 5 |
| 33:47 | cjds · tribute_sent a jugador 6 |
| 33:47 | cjds · tribute_sent a jugador 8 |
| 33:59 | Dani - Voy Fatal de Recursos · first_building Stable |
| 34:00 | American · tribute_sent a jugador 1 |
| 34:00 | American · tribute_sent a jugador 2 |
| 34:00 | American · tribute_sent a jugador 3 |
| 34:00 | American · tribute_sent a jugador 4 |
| 34:00 | American · tribute_sent a jugador 6 |
| 34:00 | American · tribute_sent a jugador 7 |
| 34:00 | American · tribute_sent a jugador 8 |
| 34:30 | Dani - Voy Fatal de Recursos · first_building Barracks |
| 35:01 | SeñorLeyenda#561 · age_up imperial |
| 35:20 | cjds · tribute_sent a jugador 1 |
| 35:20 | cjds · tribute_sent a jugador 2 |
| 35:20 | cjds · tribute_sent a jugador 3 |
| 35:20 | cjds · tribute_sent a jugador 4 |
| 35:20 | cjds · tribute_sent a jugador 5 |
| 35:20 | cjds · tribute_sent a jugador 6 |
| 35:20 | cjds · tribute_sent a jugador 8 |
| 36:54 | [Yodas] Ivaylo AOE CL · age_up imperial |
| 36:56 | Alexr_93 · age_up imperial |
| 37:06 | Dafixios · wall_segment Palisade Wall x1 |
| 37:09 | cjds · tribute_sent a jugador 1 |
| 37:09 | cjds · tribute_sent a jugador 2 |
| 37:09 | cjds · tribute_sent a jugador 3 |
| 37:09 | cjds · tribute_sent a jugador 4 |
| 37:09 | cjds · tribute_sent a jugador 5 |
| 37:09 | cjds · tribute_sent a jugador 6 |
| 37:09 | cjds · tribute_sent a jugador 8 |
| 38:33 | cjds · first_building Siege Workshop |
| 39:17 | cjds · tribute_sent a jugador 1 |
| 39:17 | cjds · tribute_sent a jugador 2 |
| 39:17 | cjds · tribute_sent a jugador 3 |
| 39:17 | cjds · tribute_sent a jugador 4 |
| 39:17 | cjds · tribute_sent a jugador 5 |
| 39:17 | cjds · tribute_sent a jugador 6 |
| 39:17 | cjds · tribute_sent a jugador 8 |
| 40:07 | [Yodas] Ivaylo AOE CL · resign |
[ AI ANALYSIS · 1 CREDIT ]
What really happened in this match?
Wolo.gg analyzes every decision: build order, eco, micro, common mistakes by bracket. Personalized analysis on WhatsApp or Discord in 30 seconds.
Civ guide
Khmer
Perfil
Jugador #17761122